 Dungeon Crawl Stone Soup version 0.28.0-1-gb440e238dd (webtiles) character file.

Game seed: 7617362131260521747

371 hitsuchi the Stinger (level 6, 0/38 HPs)
             Began as an Octopode Transmuter on Feb 20, 2022.
             Slain by Eustachio (8 damage)
             ... on level 4 of the Dungeon.
             The game lasted 00:04:11 (4480 turns).

hitsuchi the Stinger (Octopode Transmuter)          Turns: 4480, Time: 00:04:11

Health: 0/38       AC:  2    Str:  9    XL:     6   Next: 71%
Magic:  8/9        EV: 19    Int: 17    God:
Gold:   143        SH:  0    Dex: 18    Spells: 3/9 levels left

rFire   . . .      SeeInvis .     - Unarmed
rCold   . . .      Faith    .   (shield currently unavailable)
rNeg    . . .      Spirit   .   (helmet currently unavailable)
rPois   x          Reflect  .   (no amulet)
rElec   .          Harm     .   (no ring)
rCorr   .          Rampage  .   (no ring)
Will    .....                   (no ring)
Stlth   ++........              (no ring)
HPRegen 0.12/turn               (no ring)
MPRegen 0.11/turn               (no ring)
                                (no ring)
                                (no ring)

@: spider-form (expiring)
A: venomous fangs, almost no armour, (amphibious), 8 rings, tiny, (camouflage
1), (gelatinous body 1), (nimble swimmer 1), (tentacles)
a: End Transformation


You were on level 4 of the Dungeon.
You were a venomous arachnid creature.
You visited 1 branch of the dungeon, and saw 4 of its levels.

You collected 143 gold pieces.

Inventory:

Hand Weapons
 i - the +7 dagger of Bankruptcy (melded) {vorpal, Str+4}
   (You found it on level 3 of the Dungeon)

   It inflicts extra damage upon your enemies.
   Str:       It affects your strength (+4).
Wands
 g - a wand of polymorph (6)
Scrolls
 b - a scroll of teleportation {unknown}
 c - 2 scrolls of identify {unknown}
 d - a scroll of immolation {unknown}
 e - a scroll of brand weapon
 f - a scroll of magic mapping {unknown}
 j - a scroll of amnesia {unknown}
Potions
 a - 2 potions of degeneration {unknown}
 h - a potion of haste {unknown}
 k - a potion of magic {unknown}


   Skills:
 - Level 1.0 Fighting
 - Level 2.0 Dodging
 - Level 3.0 Unarmed Combat
 - Level 2.0 Spellcasting
 + Level 4.9 Transmutations
 * Level 5.5 Poison Magic


You had 3 spell levels left.
You knew the following spells:

 Your Spells              Type           Power      Damage    Failure   Level
a - Beastly Appendage     Tmut           36%        N/A       10%         1
b - Wereblood             Tmut           18%        N/A       12%         2
c - Spider Form           Tmut/Pois      19%        N/A       19%         3

Your spell library contained the following spells:

 Spells                   Type           Power      Damage    Failure   Level
 Ignite Poison            Fire/Tmut/Pois 13%        N/A       32%         3
 Mephitic Cloud           Conj/Pois/Air  8%         N/A       47%         3
 Ice Form                 Ice/Tmut       10%        N/A       77%         4
 Fireball                 Conj/Fire      0%         3d3       100%        5
 Freezing Cloud           Conj/Ice/Air   0%         6-21      100%        5
 Starburst                Conj/Fire      0%         6d3       100%        6
 Ignition                 Fire           0%         3d3       100%        8


Dungeon Overview and Level Annotations

Branches:
Dungeon (4/15)
 Temple: D:4-7

Altars:
Hepliaklqana
Yredelemnul

Annotations:
D:4 Eustachio


Innate Abilities, Weirdness & Mutations

You are a venomous arachnid creature.
You have poisonous fangs.
You are tiny and dextrous.
Your spellcasting is less reliable in this form.
Your armour is entirely melded.
You are incapable of wielding weapons or throwing items.
You cannot wear most types of armour.
((You are amphibious.))
You can wear up to eight rings at the same time.
((Your skin changes colour to match your surroundings (Stealth+).))
((Your rubbery body absorbs attacks. (AC +1, EV +1)))
((You are camouflaged when in or above water. (Stealth+)))
((You have tentacles for arms and can constrict up to eight enemies at once.))


Message History

Confirm with . or Enter, or press ? or * to list all spells.
You turn into a venomous arachnid creature.
The +7 dagger of Bankruptcy {vorpal, Str+4} melds into your body.
Eustachio yells, "Perjured traitor, DIE!"
Eustachio casts a spell.
Eustachio blinks!
An orc comes into view. It is wielding a +0 club.
The orc shouts!
You hit Eustachio but do no damage.
Eustachio is poisoned.
You hear a shout! x2
Eustachio gestures wildly while chanting.
Eustachio blinks!
You hit the orc.
The orc is poisoned.
The orc is heavily wounded.
The orc hits you with a +0 club. Eustachio closely misses you.
You completely miss Eustachio.
Eustachio is moderately wounded.
The orc closely misses you. Eustachio hits you with a +0 rapier!
You hit Eustachio.
Eustachio looks as sick as possible!
Eustachio is moderately wounded.
The orc barely misses you.
Eustachio casts a spell.
You hit Eustachio but do no damage.
Eustachio looks as sick as possible!
Eustachio is moderately wounded.
You kill the orc!
Eustachio hits you with a +0 rapier!
You closely miss Eustachio.
Eustachio is moderately wounded.
The quasit closely misses you. The quasit claws you.
The quasit closely misses you.
Your transformation is almost over.
Eustachio hits you with a +0 rapier!
* * * LOW HITPOINT WARNING * * *
The quasit bites you but does no damage.
The quasit misses you. x2
There is a stone staircase leading up here.
The quasit completely misses you. The quasit barely misses you.
The quasit claws you but does no damage.
Eustachio hits you with a +0 rapier!
You die...

#. #........ .. ...#...
#........ # #. #..##.#
#.####...
#.##.##..##.####.#######
........................
........................
........................
........................
#s5.####.####.##..
##.@.####.####.##..
#...5.5...>#....>..
#..........#.......
#.....)....#.......
#..........#.......
#..........#...<...
#######.####.###### #.#
#. ###..


You could see Eustachio (very poisoned), a quasit (summoned), a shadow imp
(summoned) and an ufetubus (summoned).

Vanquished Creatures
  Sigmund (D:3)
  A bullfrog (D:3)
  Jessica (D:3)
  An iguana (D:3)
  6 adders
  A worm (D:2)
  A dart slug (D:1)
  2 orcs
  9 endoplasms
  2 giant cockroaches (D:2)
  2 goblins
  9 hobgoblins
  4 quokkas
  3 ball pythons
  3 bats
  3 frilled lizards
  5 kobolds
  10 rats
64 creatures vanquished.

Notes
Turn   | Place    | Note
-------+----------+-------------------------------------------
     0 | D:1      | hitsuchi the Octopode Transmuter began the quest for the
                  | Orb.
     0 | D:1      | Reached XP level 1. HP: 13/13 MP: 3/3
   319 | D:1      | Reached XP level 2. HP: 12/18 MP: 3/5
   325 | D:1      | Learned a level 2 spell: Wereblood
  1105 | D:1      | Reached XP level 3. HP: 18/23 MP: 4/6
  1457 | D:1      | Learned a level 3 spell: Spider Form
  1751 | D:2      | Reached skill level 1 in Poison Magic
  2112 | D:2      | Reached skill level 2 in Poison Magic
  2112 | D:2      | Reached XP level 4. HP: 15/28 MP: 7/7
  2843 | D:3      | Noticed Jessica
  2855 | D:3      | Killed Jessica
  3024 | D:3      | Noticed Sigmund
  3031 | D:3      | Killed Sigmund
  3032 | D:3      | Reached skill level 4 in Poison Magic
  3032 | D:3      | Reached XP level 5. HP: 30/33 MP: 6/8
  3032 | D:3      | Reached XP level 6. HP: 34/38 MP: 6/9
  3160 | D:3      | Reached skill level 5 in Poison Magic
  3525 | D:3      | Identified the +7 dagger of Bankruptcy {vorpal, Str+4}
  3569 | D:3      | Found a hazy altar of Hepliaklqana.
  3710 | D:3      | Found a basalt altar of Yredelemnul.
  4461 | D:4      | Noticed Eustachio
  4480 | D:4      | Slain by Eustachio

Illustrated notes

Levels and vault maps discovered:
D:1:      dpeg_arrival_simpleton_b, layout_basic
D:2:      layout_basic, minmay_misc_feat_four_crosses
D:3:      layout_loops_cross, nicolae_hepliaklqana_hazy_memory,
          yredelemnul_altar_generic, kennysheep_nondescript, uniq_jessica,
          uniq_sigmund
D:4:      layout_gridville, fedhas_ov_isle_minmay, uniq_eustachio

Skill      XL: |  1  2  3  4  5  6 |
---------------+-------------------+-----
Transmutations | 3 4 |  4.9
Poison Magic   | 2 4 5 |  5.5
Fighting       | |  1.0
Dodging        | |  2.0
Unarmed Combat | |  3.0
Spellcasting   | |  2.0

Action                   |  1- 3 |  4- 6 || total
-------------------------+-------+-------++-------
Melee: Unarmed           |    27 |    15 ||    42
       Constrict         |    17 |    12 ||    29
       Kick              |    10 |     7 ||    17
       Tentacles         |    12 |     8 ||    20
       Whip              |    51 |    43 ||    94
       Punch             |     2 |     1 ||     3
       Dagger            |       |     7 ||     7
 Cast: Beastly Appendage |    12 |     5 ||    17
       Spider Form       |       |     2 ||     2
  Use: Scroll            |       |     1 ||     1
 Stab: Sleeping          |     4 |     3 ||     7
       Distracted        |       |     1 ||     1
Armor: Skin              |     7 |     6 ||    13
Dodge: Dodged            |    45 |    38 ||    83
